 Dungeon Crawl Stone Soup version 0.28.0-43-g3370ac3207 (webtiles) character file.

Game seed: 4278012582520726697

3062 boopmooplesden the Carver (level 9, -3/79 HPs)
             Began as a Minotaur Berserker on Mar 23, 2022.
             Was an Elder of Trog.
             Slain by an orc warrior
             ... wielding a +0 long sword
              (10 damage)
             ... on level 7 of the Dungeon.
             The game lasted 00:08:54 (8161 turns).

boopmooplesden the Carver (Minotaur Berserker)      Turns: 8161, Time: 00:08:55

Health: -3/79      AC: 14    Str: 22    XL:     9   Next: 57%
Magic:  8/8        EV: 11    Int: 10    God:    Trog [****..]
Gold:   301        SH: 10    Dex: 13    Spells: 8/8 levels left

rFire   . . .      SeeInvis .   q - +4 flail "Trog's Wrath" {elec, rPois Int+4 Dex-5}
rCold   . . .      Faith    .   n - +1 kite shield
rNeg    . . .      Spirit   .   i - +2 ring mail {rPois}
rPois   +          Reflect  .   (helmet restricted)
rElec   .          Harm     .   e - +0 cloak
rCorr   .          Rampage  .   (no gloves)
Will    .....                   (no boots)
Stlth   +.........              (no amulet)
HPRegen 0.23/turn               g - +6 ring of dexterity
MPRegen 0.11/turn               o - +4 ring of protection

@: no status effects
A: horns 2, retaliatory headbutt
a: Renounce Religion, Berserk, Trog's Hand, Brothers in Arms


You were on level 7 of the Dungeon.
You worshipped Trog.
Trog was greatly pleased with you.
You visited 1 branch of the dungeon, and saw 7 of its levels.

You collected 301 gold pieces.

Inventory:

Hand Weapons
 a - a +0 falchion
 p - a +1 long sword of freezing
 q - the +4 flail "Trog's Wrath" (weapon) {elec, rPois Int+4 Dex-5}
   (You found it on level 7 of the Dungeon)

   It occasionally discharges a powerful burst of electricity upon striking a
   foe.
   Int:       It affects your intelligence (+4).
   Dex:       It affects your dexterity (-5).
   rPois:     It protects you from poison.
Armour
 d - a +0 chain mail
 e - a +0 cloak (worn)
 i - a +2 ring mail of poison resistance (worn)
 n - a +1 kite shield (worn)
Jewellery
 g - a +6 ring of dexterity (left hand)
 o - a +4 ring of protection (right hand)
 v - a +4 ring of protection
Wands
 h - a wand of polymorph (9)
Scrolls
 c - 2 scrolls of teleportation
 f - 4 scrolls of identify
Potions
 b - 4 potions of haste
 j - 2 potions of might {unknown}
 k - a potion of berserk rage {unknown}
 l - a potion of brilliance {unknown}
 m - a potion of flight {unknown}
 r - a potion of lignification {unknown}
 s - a potion of attraction {unknown}
 t - a potion of curing {unknown}
 u - 2 potions of invisibility {unknown}


   Skills:
 + Level 7.0 Fighting
 + Level 9.9 Long Blades
 + Level 2.4 Maces & Flails
 + Level 9.4 Armour
 + Level 4.5 Dodging
 + Level 1.2 Stealth
 + Level 4.2 Shields


You had 8 spell levels left.
You didn't know any spells.
Your spell library was empty.

Dungeon Overview and Level Annotations

Branches:
Dungeon (7/15)             Temple (0/1) D:5

Altars:
Cheibriados
Sif Muna
Yredelemnul
The Shining One


Innate Abilities, Weirdness & Mutations

You have a pair of horns on your head.
You reflexively headbutt those who attack you in melee.


Message History

The orc warrior shouts!
The orc misses you.
You sock the orc!
You kill the orc!
Trog accepts your kill. You block the orc's attack.
The orc priest mumbles some strange prayers to Beogh against you.
Beogh smites you! You block the orc's attack. The iguana misses you.
You furiously retaliate!
You headbutt the iguana. You block the orc's attack.
Things that are here:
a +0 club; a ring of poison resistance; an orc corpse You sock the iguana!
The iguana is severely wounded.
The iguana bites you but does no damage.
The orc priest mumbles some strange prayers to Beogh against you.
Beogh smites you! You block the orc's attack. You block the iguana's attack.
You hit the iguana. Lightning courses through the iguana!!
You kill the iguana!
Trog accepts your kill. You block the orc's attack.
The orc priest hits you but does no damage.
The orc warrior hits you with a +0 long sword!
You block the orc's attack.
You sock the orc priest!
The orc priest is heavily wounded.
The orc priest invokes the aid of Beogh against you.
Beogh smites you! You block the orc warrior's attack.
The orc hits you but does no damage.
The orc priest hits you with a +0 flail!
The orc warrior hits you with a +0 long sword!
* * * LOW HITPOINT WARNING * * *
The orc barely misses you. You furiously retaliate!
You headbutt the orc!
You kill the orc!
Trog accepts your kill.
The orc priest calls down the wrath of Beogh upon you.
Beogh smites you!
* * * LOW HITPOINT WARNING * * *
The orc warrior hits you with a +0 long sword!
You die...

#..#..# ##...##
#### ##.## ###...#
#...##.>..... ..
##.##........ ..
#.#......... #. #
#.#......... ..
##.#.#.o....... ..
#.....@)†...... .
#........).o......
#..#..............
#. #..............
##.............
#.............
#.............
............##


You could see an orc warrior and an orc priest.

Vanquished Creatures
  The ghost of 2FriedEggs the Skirmisher, a novice DjCK of Xom (D:6)
  A shadow (D:7)
  A wyvern (D:5)
  A sky beast (D:5)
  5 ice beasts
  4 ogres
  2 centaurs
  A phantom (D:7)
  A gnoll sergeant (D:7)
  2 bullfrogs
  2 scorpions (D:5)
  A water moccasin zombie (D:6)
  A water moccasin skeleton (D:6)
  3 howler monkeys
  A wyvern simulacrum (D:6)
  A bullfrog zombie (D:6)
  A centaur zombie (D:4)
  4 hounds
  3 orc priests
  5 iguanas
  3 orc wizards
  Natasha (D:4)
  2 hound zombies (D:4)
  2 gnolls (D:5)
  A howler monkey skeleton (D:7)
  2 adders
  5 river rats (D:3)
  3 white imps (D:6)
  An adder skeleton (D:4)
  An adder zombie (D:4)
  A worm (D:4)
  5 dart slugs
  18 orcs
  10 bats
  7 endoplasms
  A giant cockroach (D:1)
  8 hobgoblins
  6 kobolds
  5 quokkas
  4 ball pythons
  3 frilled lizards
  6 goblins
  9 rats
145 creatures vanquished.

Vanquished Creatures (others)
  A killer bee zombie (D:5)
  A gnoll (D:5)
  An adder (D:5)
  An orc (D:5)
4 creatures vanquished.

Grand Total: 149 creatures vanquished

Notes
Turn   | Place    | Note
-------+----------+-------------------------------------------
     0 | D:1      | boopmooplesden the Minotaur Berserker began the quest for
                  | the Orb.
     0 | D:1      | Reached XP level 1. HP: 19/19 MP: 0/0
   497 | D:1      | Reached XP level 2. HP: 27/27 MP: 1/1
   804 | D:1      | Reached ** piety under Trog
  1337 | D:1      | Found a faded altar of an unknown god.
  1342 | D:1      | Reached XP level 3. HP: 29/33 MP: 2/2
  2532 | D:3      | Reached XP level 4. HP: 41/41 MP: 3/3
  2540 | D:3      | You fall into a shaft and drop 3 floors!
  2563 | D:6      | Reached skill level 5 in Long Blades
  2563 | D:6      | Reached XP level 5. HP: 26/47 MP: 4/4
  2703 | D:6      | Noticed an ice beast
  2711 | D:6      | Killed an ice beast
  2912 | D:6      | Reached XP level 6. HP: 53/55 MP: 5/5
  2918 | D:6      | Found a runed translucent gate.
  2918 | D:6      | Found a runed translucent gate.
  2918 | D:6      | Found a runed translucent gate.
  2920 | D:6      | Noticed an ice beast
  2921 | D:6      | Noticed an ice beast
  2944 | D:6      | Noticed an ice beast
  2947 | D:6      | Noticed 2FriedEggs's ghost (novice DjCK)
  2986 | D:6      | Reached skill level 5 in Armour
  3108 | D:6      | Reached skill level 5 in Fighting
  3331 | D:6      | Found a shimmering blue altar of Sif Muna.
  3596 | D:6      | Noticed an ice beast
  3856 | D:5      | Entered Level 5 of the Dungeon
  3919 | D:5      | Reached XP level 7. HP: 58/61 MP: 6/6
  4789 | D:5      | Found a staircase to the Ecumenical Temple.
  5005 | D:5      | Noticed a wyvern
  5014 | D:5      | Killed a wyvern
  5015 | D:5      | Reached skill level 1 in Stealth
  5015 | D:5      | Reached XP level 8. HP: 10/70 MP: 7/7
  5312 | D:5      | Reached skill level 1 in Shields
  5533 | D:4      | Found a basalt altar of Yredelemnul.
  5672 | D:4      | Found a glowing golden altar of the Shining One.
  5949 | D:4      | Found a snail-covered altar of Cheibriados.
  6217 | D:4      | Noticed Natasha
  6222 | D:4      | Killed Natasha
  6222 | D:4      | Reached *** piety under Trog
  7263 | D:6      | Killed 2FriedEggs's ghost
  7264 | D:6      | Reached XP level 9. HP: 78/78 MP: 8/8
  7684 | D:7      | Identified the +4 flail "Trog's Wrath" {elec, rPois Int+4
                  | Dex-5}
  8012 | D:7      | Reached skill level 1 in Maces & Flails
  8012 | D:7      | Reached **** piety under Trog
  8161 | D:7      | Slain by an orc warrior

Illustrated notes

Levels and vault maps discovered:
D:1:      giann_wishing_wells, layout_basic, basic_ecumenical_altar,
          minmay_pentomino_s2
D:2:      layout_basic, bh_walls_and_bars
D:3:      layout_loops_ring, portal_sewer_entry_e, minivault_11,
          amcnicky_mini_corridor_feature, minmay_misc_feat_hallway
D:4:      layout_basic, mainiacjoe_overflow_alcove_1,
          nicolae_yredelemnul_corpse_copse, chei_slow_surprise, st_stairs_7,
          uniq_natasha
D:5:      layout_loops_corners, minmay_temple_entry_antechambers,
          lemuel_flamethrower_2
D:6:      layout_loops_ring, mainiacjoe_overflow_24_doors, gammafunk_ghost_icy
D:7:      minmay_spotlight, layout_cave_pods

Skill      XL: |  1  2  3  4  5  6  7  8  9 |
---------------+----------------------------+-----
Fighting       | 4 5 6 7 |  7.0
Long Blades    | 4 5 6 7 9 |  9.9
Armour         | 3 4 5 7 8 9 |  9.4
Dodging        | 3 4 |  4.5
Stealth        | 1 |  1.2
Shields        | 2 4 |  4.2
Maces & Flails | 2 |  2.4

Action                   |  1- 3 |  4- 6 |  7- 9 || total
-------------------------+-------+-------+-------++-------
Melee: Falchion          |    97 |    66 |    16 ||   179
       Headbutt          |     9 |     7 |    39 ||    55
       Punch             |     1 |       |       ||     1
       Long sword        |       |       |   174 ||   174
       Flail             |       |       |    39 ||    39
Invok: Berserk           |       |     1 |     3 ||     4
  Use: Scroll            |     3 |       |     6 ||     9
Armor: Animal skin       |    13 |       |       ||    13
       Chain mail        |    22 |    44 |   109 ||   175
       Ring mail         |       |       |    44 ||    44
Dodge: Dodged            |    62 |    24 |    94 ||   180
Block: Kite shield       |       |     2 |    95 ||    97
